Map: Alcyone LE

Players

A.I. 1 (Elite)

  • Race: Zerg Zerg
  • Spawn Location: 7:00

turt - Winner!

  • Race: Protoss Protoss
  • League: Diamond
  • Spawn Location: 1:00

VOD

Have the link to the VOD?

Description

Time

  • Played on: May 17, 2024, 11:15 p.m.
  • Length: 13:14
Show
View Real Time Build Order
Export as new Build Order

A.I. 1 (Elite) Zerg 

Build Orders: Pool First 

Get SALT Encoding   

  12  0:00  Drone  
  13  0:12  Overlord  
  13  0:16  Drone  
  14  0:30  Drone x2  
  16  0:42  Spawning Pool  
  15  0:44  Drone  
  15  0:48  Drone  
  17  1:13  Drone, Hatchery  
  17  1:16  Extractor  
  17  1:18  Drone  
  17  1:22  Drone  
  18  1:28  Drone  
  19  1:38  Overlord  
  19  1:49  Drone, Queen  
  22  2:00  Zergling x2  
  23  2:10  Drone  
  24  2:21  Drone  
  25  2:25  Queen  
  25  2:26  Roach Warren  
  25  2:27  Extractor  
  25  2:32  Drone  
  26  2:38  Drone  
  26  2:44  Overlord  
  27  2:47  Drone  
  27  2:50  Drone  
  29  2:54  Drone  
  29  2:57  Drone  
  31  3:00  Drone  
  31  3:03  Zergling x2  
  33  3:11  Queen  
  35  3:17  Spore Crawler  
  34  3:21  Spore Crawler  
  34  3:23  Drone  
  34  3:24  Drone  
  35  3:28  Zergling x2  
  35  3:32  Roach  
  38  3:35  Roach  
  38  3:40  Roach  
  42  3:43  Roach  
  44  3:48  Overlord  
  44  4:00  Lair  
  44  4:05  Metabolic Boost  
  44  4:06  Drone x2  
  46  4:10  Overlord  
  46  4:12  Drone  
  46  4:16  Drone  
  48  4:18  Drone  
  48  4:21  Zergling x2  
  48  4:23  Zergling x2  
  51  4:26  Zergling x2  
  52  4:32  Evolution Chamber, Drone  
  52  4:37  Evolution Chamber  
  52  4:38  Drone  
  52  4:39  Drone  
  52  4:41  Drone  
  52  4:44  Drone  
  56  4:45  Drone  
  56  4:58  Zerg Missile Weapons Level 1  
  56  5:02  Hydralisk Den, Drone, Zerg Ground Armor Level 1  
  56  5:06  Overlord  
  56  5:11  Drone  
  56  5:12  Drone  
  58  5:24  Drone x3, Roach, Overlord  
  58  5:26  Drone  
  58  5:28  Drone  
  65  5:29  Drone  
  65  5:30  Hydralisk  
  68  5:41  Hydralisk  
  68  5:42  Drone, Roach, Overlord  
  73  5:43  Hydralisk  
  75  5:59  Extractor, Hydralisk  
  75  6:00  Drone, Roach, Overlord, Hydralisk  
  75  6:01  Drone x2  
  83  6:17  Extractor  
  83  6:18  Drone, Roach, Ravager, Hydralisk  
  84  6:19  Roach, Overlord  
  84  6:20  Evolution Chamber  
  84  6:21  Drone  
  89  6:26  Hatchery  
  89  6:32  Drone  
  89  6:33  Drone  
  89  6:35  Drone  
  89  6:37  Ravager  
  89  6:38  Roach  
  94  6:40  Overlord  
  94  6:42  Drone  
  94  6:43  Drone  
  94  6:45  Zerg Melee Weapons Level 1  
  94  6:46  Roach  
  98  6:58  Overlord, Hydralisk  
  98  6:59  Infestation Pit  
  98  7:00  Drone  
  100  7:13  Hydralisk  
  102  7:16  Roach  
  102  7:17  Overlord  
  102  7:19  Roach  
  102  7:22  Overseer  
  106  7:32  Zerg Missile Weapons Level 2  
  106  7:36  Spine Crawler  
  105  7:38  Drone, Spine Crawler, Infestor  
  105  7:39  Drone x4  
  105  7:40  Drone x3  
  105  7:41  Drone  
  105  7:42  Overlord  
  115  7:45  Extractor, Drone  
  115  7:46  Drone x3  
  115  7:49  Drone  
  115  7:50  Drone  
  121  7:51  Drone  
  121  7:53  Drone  
  121  7:54  Drone  
  121  7:57  Drone  
  124  7:59  Drone  
  124  8:05  Overlord  
  125  8:08  Drone  
  125  8:10  Drone  
  127  8:16  Roach, Infestor  
  127  8:17  Drone, Roach  
  127  8:18  Drone, Roach  
  137  8:23  Roach x2, Overlord  
  137  8:25  Zerg Ground Armor Level 2  
  141  8:27  Roach, Glial Reconstitution  
  141  8:33  Spore Crawler  
  142  8:34  Drone  
  142  8:35  Spore Crawler  
  142  8:36  Drone  
  143  8:42  Overlord  
  143  8:43  Pneumatized Carapace  
  143  8:44  Hydralisk  
  143  8:47  Hydralisk  
  147  8:51  Hydralisk  
  147  8:52  Spine Crawler  
  147  8:54  Hydralisk  
  150  8:56  Extractor  
  150  9:01  Overlord  
  149  9:05  Lurker Den  
  148  9:12  Queen  
  150  9:17  Hatchery  
  150  9:18  Drone  
  150  9:19  Drone, Overlord  
  151  9:28  Hive  
  151  9:30  Spine Crawler  
  150  9:31  Drone  
  150  9:37  Zergling x2  
  152  9:39  Roach x3, Overlord  
  152  9:44  Zergling x2, Spire  
  127  9:56  Roach  
  127  9:57  Roach  
  127  9:59  Roach  
  133  10:01  Roach  
  133  10:02  Roach  
  133  10:03  Lurker  
  133  10:04  Roach  
  133  10:05  Spine Crawler  
  139  10:07  Spine Crawler  
  138  10:24  Zergling x2  
  138  10:25  Hydralisk  
  138  10:28  Spine Crawler, Hydralisk  
  142  10:30  Drone  
  142  10:31  Drone x4, Spore Crawler  
  142  10:32  Drone x3  
  142  10:33  Drone x2, Spine Crawler  
  142  10:34  Drone  
  151  10:38  Infestor  
  151  10:40  Viper  
  151  10:41  Extractor  
  151  10:42  Drone  
  156  10:47  Infestor  
  156  10:48  Spore Crawler, Drone  
  158  10:52  Spore Crawler  
  158  10:54  Drone  
  158  10:55  Spore Crawler  
  158  10:56  Drone, Corruptor  
  158  10:57  Greater Spire, Corruptor  
  160  10:58  Overseer  
  160  11:00  Overseer  
  162  11:09  Corruptor  
  154  11:11  Hydralisk  
  154  11:14  Hydralisk  
  154  11:16  Hydralisk  
  133  11:19  Zergling x2, Hydralisk  
  133  11:21  Hydralisk  
  133  11:23  Roach  
  133  11:25  Roach  
  115  11:26  Roach  
  115  11:27  Roach  
  115  11:29  Roach  
  115  11:30  Roach  
  115  11:31  Drone  
  115  11:32  Roach  
  121  11:33  Roach  
  121  11:34  Hydralisk  
  121  11:35  Drone  
  121  11:37  Roach  
  121  11:38  Drone x2, Roach  
  121  11:39  Drone x3  
  129  11:40  Roach x3  
  129  11:41  Roach  
  129  11:42  Roach  
  128  11:51  Drone x2  
  128  11:53  Hydralisk  
  102  11:54  Drone, Hydralisk  
  81  12:12  Hatchery  
  41  12:35  Overlord  
  40  12:45  Hatchery  
Show
View Real Time Build Order
Export as new Build Order

turt Protoss - Winner!

Build Orders: 1 Gate Expand, Oracle Opening, Carriers, Carrier Rush 

Get SALT Encoding   

  12  0:00  Probe  
  13  0:12  Probe  
  14  0:17  Pylon  
  14  0:25  Probe  
  15  0:37  Probe  
  15  0:39  Gateway  
  16  0:47  Assimilator  
  16  0:49  Probe (Chrono Boost)  
  17  0:59  Probe (Chrono Boost)  
  17  1:04  Probe (Chrono Boost)  
  19  1:15  Probe  
  20  1:23  Nexus  
  20  1:28  Probe  
  21  1:39  Cybernetics Core  
  21  1:40  Probe  
  21  1:46  Pylon  
  22  1:52  Probe  
  22  1:53  Assimilator  
  23  2:04  Probe  
  24  2:15  Adept  
  24  2:16  Probe  
  24  2:20  Stargate  
  27  2:28  Probe (Chrono Boost)  
  28  2:39  Probe (Chrono Boost)  
  28  2:42  Probe (Chrono Boost)  
  28  2:44  Probe (Chrono Boost)  
  30  2:47  Adept  
  34  2:51  Probe  
  34  2:55  Probe  
  35  3:01  Oracle (Chrono Boost)  
  35  3:03  Probe, Pylon  
  39  3:07  Probe  
  40  3:15  Probe  
  40  3:19  Probe  
  42  3:27  Probe  
  42  3:29  Nexus  
  42  3:31  Probe  
  44  3:35  Pylon  
  44  3:39  Probe  
  45  3:42  Assimilator  
  45  3:43  Probe  
  45  3:44  Assimilator  
  46  3:55  Fleet Beacon  
  46  3:57  Probe x2  
  46  3:58  Protoss Air Weapons Level 1 (Chrono Boost)  
  48  4:09  Probe  
  50  4:10  Probe  
  50  4:14  Stargate  
  50  4:21  Probe  
  50  4:22  Probe  
  52  4:33  Probe  
  52  4:34  Probe  
  52  4:35  Pylon  
  52  4:37  Shield Battery  
  54  4:42  Probe  
  54  4:44  Carrier (Chrono Boost)  
  61  4:45  Probe  
  61  4:46  Probe  
  61  4:49  Pylon  
  61  4:52  Shield Battery  
  63  4:54  Probe  
  63  4:57  Probe  
  63  4:58  Probe  
  66  5:06  Probe, Carrier (Chrono Boost)  
  73  5:10  Probe, Pylon  
  73  5:12  Probe  
  75  5:18  Probe  
  76  5:22  Probe  
  76  5:24  Probe  
  76  5:25  Forge  
  78  5:29  Assimilator x2  
  78  5:30  Probe  
  78  5:34  Probe  
  86  5:38  Probe  
  87  5:42  Carrier (Chrono Boost), Probe  
  87  5:46  Pylon  
  88  5:51  Stargate  
  88  5:53  Probe x2  
  88  5:56  Carrier (Chrono Boost), Probe  
  91  5:58  Shield Battery  
  91  6:03  Pylon  
  97  6:26  Protoss Air Weapons Level 2 (Chrono Boost)  
  97  6:33  Carrier (Chrono Boost)  
  97  6:38  Pylon  
  97  6:39  Pylon  
  109  6:51  Carrier (Chrono Boost)  
  109  6:53  Photon Cannon  
  109  6:55  Photon Cannon  
  109  6:57  Photon Cannon  
  109  7:00  Photon Cannon  
  109  7:03  Photon Cannon  
  109  7:04  Probe x3  
  109  7:05  Photon Cannon  
  118  7:11  Carrier (Chrono Boost)  
  118  7:20  Pylon  
  118  7:22  Nexus  
  118  7:26  Pylon  
  118  7:32  Probe x2  
  118  7:33  Probe  
  118  7:36  Carrier (Chrono Boost)  
  118  7:37  Pylon  
  127  7:40  Pylon  
  133  7:44  Probe x2  
  133  7:45  Probe  
  136  7:51  Carrier (Chrono Boost)  
  136  7:54  Photon Cannon  
  136  7:56  Photon Cannon, Probe  
  136  7:57  Probe x2  
  145  8:06  Pylon  
  145  8:08  Pylon  
  145  8:15  Carrier (Chrono Boost)  
  145  8:18  Stargate  
  145  8:21  Pylon  
  145  8:24  Probe x3, Pylon  
  148  8:28  Shield Battery  
  148  8:29  Carrier (Chrono Boost)  
  148  8:31  Photon Cannon  
  154  8:36  Probe x2  
  154  8:40  Probe  
  157  8:50  Assimilator  
  157  8:53  Assimilator  
  157  8:54  Protoss Air Weapons Level 3 (Chrono Boost)  
  163  8:59  Carrier (Chrono Boost)  
  169  9:13  Carrier (Chrono Boost)  
  175  9:18  Photon Cannon  
  175  9:20  Photon Cannon  
  175  9:21  Carrier (Chrono Boost)  
  181  9:39  Carrier (Chrono Boost)  
  181  9:42  Photon Cannon  
  181  9:45  Photon Cannon  
  187  10:00  Carrier (Chrono Boost)  
  187  10:04  Carrier (Chrono Boost)  
  187  10:09  Nexus  
  187  10:11  Carrier (Chrono Boost)  
  187  10:13  Unknown  
  193  10:15  Pylon  
  193  10:18  Pylon  
  199  10:27  Photon Cannon  
  199  10:29  Photon Cannon  
  199  10:43  Photon Cannon  
  199  10:44  Photon Cannon  
  199  10:48  Photon Cannon  
  199  10:49  Photon Cannon x2  
  199  10:51  Photon Cannon x2  
  199  10:53  Photon Cannon  
  199  10:55  Photon Cannon  
  199  10:58  Shield Battery  
  199  11:00  Shield Battery  
  199  11:04  Shield Battery  
  199  11:06  Pylon  
  199  11:21  Protoss Shields Level 1 (Chrono Boost)  
  199  11:24  Protoss Air Armor Level 1 (Chrono Boost)  
Tags
 
Add a new tag
Caveats
  • Supply blocks, unpowered buildings, or Contaminate may cause inaccurate times.
  • Supply counts are checked every 10 seconds.